 Dungeon Crawl Stone Soup version 0.32-a0-909-gc671339a80 (webtiles) character file.

Game seed: 5384164281782546176

3176 pokeman the Thaumaturge (level 9, -5/73 HPs)
             Began as a Deep Elf Hedge Wizard on Apr 6, 2024.
             Was an Initiate of Vehumet.
             Slain by a wyvern (8 damage)
             ... on level 9 of the Dungeon.
             The game lasted 00:17:39 (8205 turns).

pokeman the Thaumaturge (Deep Elf Hedge Wizard)     Turns: 8205, Time: 00:17:41

Health: -5/73      AC: 28    Str:  7    XL:     9   Next: 63%
Magic:  29/35      EV:  2    Int: 24    God:    Vehumet [......]
Gold:   448        SH:  0    Dex: 14    Spells: 15/31 levels left

rFire   . . .        r - +1 dagger (venom)
rCold   . . .        (no shield)
rNeg    . . .        y - melded +0 robe "Jarout" {Str+5 Archmagi}
rPois   +            t - melded +1 helmet
rElec   .            (cloak currently unavailable)
rCorr   .            (gloves currently unavailable)
SInv    .            (boots currently unavailable)
Will    .....        (no amulet)
Stlth   ++           h - +4 ring of protection
HPRegen 0.32/turn    v - ring of magical power
MPRegen 0.24/turn

%: no passive effects
@: lethally poisoned (-5 -> -14), tree-form, marked
A: stationary, stasis, torment immunity, boosted hp
a: Renounce Religion


You were on level 9 of the Dungeon.
You worshipped Vehumet.
Vehumet was noncommittal.
You were a tree.
You visited 2 branches of the dungeon, and saw 11 of its levels.

You collected 448 gold pieces.

Inventory:

Hand Weapons
 r - a +1 dagger of venom (weapon)
 z - a +1 dagger of electrocution
Missiles
 i - 5 curare-tipped darts
 F - a throwing net
Armour
 t - a +1 helmet (melded)
 y - the +0 robe "Jarout" (melded) {Str+5 Archmagi}
   (You found it on level 5 of the Dungeon)

   Str+5:     It affects your strength (+5).
   Archmagi:  It increases the power of your magical spells.
Magical Staves
 f - a staff of death
Jewellery
 b - a ring of resist corrosion
 h - a +4 ring of protection (left branch)
 j - a ring of protection from cold
 v - a ring of magical power (right branch)
 A - a +6 ring of intelligence
 E - a ring of protection from fire
Wands
 x - a wand of flame (23)
Scrolls
 c - a scroll of poison {unknown}
 e - 2 scrolls of fog {unknown}
 g - 12 scrolls of identify {unknown}
 l - a scroll of immolation {unknown}
 n - 2 scrolls of enchant armour {unknown}
 o - 3 scrolls of amnesia {unknown}
 p - 2 scrolls of blinking {unknown}
 w - 2 scrolls of teleportation {unknown}
 C - 2 scrolls of noise {unknown}
Potions
 a - a potion of lignification
 d - a potion of magic
 k - 2 potions of haste {unknown}
 m - a potion of berserk rage {unknown}
 q - 2 potions of degeneration {unknown}
 s - 2 potions of curing {unknown}
 u - 2 potions of brilliance {unknown}
 B - a potion of resistance {unknown}
 D - 2 potions of enlightenment {unknown}


   Skills:
 + Level 2.9 Fighting
 - Level 3.1 Armour
 - Level 3.1 Dodging
 - Level 3.0 Stealth
 * Level 11.8 Spellcasting
 + Level 6.5 Conjurations
 - Level 1.1 Summonings
 - Level 4.0 Necromancy
 - Level 1.1 Translocations
 + Level 4.0 Fire Magic
 - Level 2.1 Air Magic
 - Level 1.2 Alchemy
 - Level 2.1 Evocations


You had 15 spell levels left.
You knew the following spells:

 Your Spells              Type           Power      Damage    Failure   Level
a - Magic Dart            Conj           100%       1d8       1%          1
b - Mephitic Cloud        Conj/Alch/Air  30%        N/A       3%          3
c - Call Imp              Summ           38%        N/A       4%          2
d - Blink                 Tloc           38%        N/A       4%          2
e - Dispel Undead         Necr           33%        3d14      9%          4
f - Ignite Poison         Fire/Alch      26%        N/A       14%         4

Your spell library contained the following spells:

 Spells                   Type           Power      Damage    Failure   Level
 Static Discharge         Conj/Air       70%        3-6/arc   1%          2
 Sublimation of Blood     Necr           33%        N/A       1%          2
 Cigotuvi's Dreadful Rot  Necr/Alch/Air  52%        N/A       2%          2
 Slow                     Hex            56%        N/A       4%          1
 Lesser Beckoning         Tloc           38%        N/A       4%          2
 Maxwell's Portable Pile  Tloc           19%        2d(7-19)  9%          3
 Teleport Other           Tloc           19%        N/A       9%          3
 Sticky Flame             Fire/Alch      26%        2d6       14%         4
 Martyr's Knell           Necr/Summ      26%        N/A       16%         4
 Airstrike                Air            12%        2d(2-18)  19%         4
 Summon Lightning Spire   Summ/Air       21%        N/A       22%         4
 Summon Hydra             Summ           9%         N/A       100%        7
 Ignition                 Fire           16%        3d7       100%        8


Dungeon Overview and Level Annotations

Branches:
Dungeon (10/15)            Temple (1/1) D:5
   Lair: D:8-11         Orc: D:9-12

Altars:
Ashenzari
Cheibriados
Dithmenos
Elyvilon
Fedhas
Kikubaaqudgha
Makhleb
Nemelex Xobeh
Qazlal
Trog
Uskayaw
Vehumet
Wu Jian
Xom
Yredelemnul
Zin
The Shining One

Shops:
D:5 (   D:6 (   D:7 (

Annotations:
D:4 2 transporters, ShinQuickMan's ghost, amateur HuCj


Message History

The killer bee poisons you!
The centaur wields a +0 orcbow.
The centaur shoots an arrow.
The arrow misses you.
The arrow barely misses the kobold brigand.
The kobold brigand hits you with a +1 whip of flaming.
* * * LOW HITPOINT WARNING * * *
The kobold brigand burns you.
* * * LOW HITPOINT WARNING * * *
Unknown command.
A centaur comes into view.
* * * LOW HITPOINT WARNING * * *
You feel very sick.
The centaur wields a +0 shortbow.
The centaur shoots an arrow.
The arrow closely misses you.
The wyvern is engulfed in noxious fumes.
The wyvern appears confused.
The centaur shoots an arrow.
The arrow hits you but does no damage.
The killer bee barely misses the kobold.
The wyvern is engulfed in noxious fumes.
The wyvern appears confused.
The centaur shoots an arrow.
The arrow closely misses you.
* * * LOW HITPOINT WARNING * * *
You feel sick.
You kill the killer bee!
Vehumet accepts your kill.
The centaur shoots an arrow.
The arrow hits you.
* * * LOW HITPOINT WARNING * * *
The centaur shoots an arrow.
The arrow closely misses you.
The kobold brigand throws a poisoned dart.
The poisoned dart hits you.
You are more poisoned.
Your Fire Magic skill increases to level 4!
Unknown command.
It was a potion of lignification.
You turn into a tree.
Your +1 helmet melds into your body.
The +0 robe "Jarout" {Str+5 Archmagi} melds into your body.
Your roots penetrate the ground.
* * * LOW HITPOINT WARNING * * *
You feel very sick. The wyvern bites you!
You die...

##...........
##..........c.
#.............
#.............
#............#
#>...........#
#>..†K.......#
#.○§.........#
#.§☼K♣k......#
#.°°§☼°.......
#.............
##..☼☼§.......
##...........
##..........
##......c..
##.......


You could see a wyvern (confused), a kobold brigand, 2 centaurs and a kobold.

Vanquished Creatures
  Pikel (D:7)
  Grinder (D:3)
  2 yaks (D:8)
  Eustachio (D:4)
  2 water moccasins
  An orc warrior (D:6)
  3 sky beasts (D:7)
  A black bear (D:7)
  An ogre (D:7)
  A centaur (D:7)
  3 lemures (D:7)
  Blork the orc (D:4)
  A kobold brigand (D:6)
  3 bullfrogs
  2 scorpions (D:5)
  A killer bee (D:9)
  An electric eel (D:6)
  A crimson imp (D:4)
  2 orc priests (D:4)
  5 hounds
  3 bombardier beetles
  A gnoll bouda (D:6)
  An iguana (D:7)
  4 orc wizards
  Robin (D:3)
  3 gnolls (D:6)
  8 adders
  2 shadow imps
  3 white imps (D:7)
  2 ribbon worms
  A dart slug (D:1)
  9 orcs
  12 ball pythons
  6 bats
  8 endoplasms
  2 giant cockroaches (D:2)
  17 goblins
  10 hobgoblins
  7 jackals
  4 quokkas
  5 frilled lizards (D:1)
  A goblin skeleton (D:4)
  A goblin zombie (D:4)
  A hobgoblin zombie (D:4)
  9 kobolds
  A kobold skeleton (D:4)
  4 kobold zombies (D:4)
  4 orc skeletons (D:4)
  6 rats
170 creatures vanquished.

Notes
Turn   | Place    | Note
-------+----------+-------------------------------------------
     0 | D:1      | pokeman the Deep Elf Hedge Wizard began the quest for the
                  | Orb.
     0 | D:1      | Reached XP level 1. HP: 10/10 MP: 7/7
   210 | D:1      | Reached XP level 2. HP: 16/16 MP: 1/9
   643 | D:1      | Reached skill level 5 in Spellcasting
   784 | D:1      | Reached XP level 3. HP: 20/20 MP: 6/11
   788 | D:1      | Learned a level 3 spell: Mephitic Cloud
   791 | D:1      | Learned a level 2 spell: Call Imp
   794 | D:1      | Learned a level 2 spell: Blink
  1592 | D:2      | Reached skill level 1 in Armour
  1675 | D:2      | Reached skill level 1 in Fighting
  2298 | D:2      | Reached XP level 4. HP: 25/25 MP: 6/13
  2951 | D:3      | Reached skill level 6 in Spellcasting
  3025 | D:3      | Found a hide-covered altar of Uskayaw.
  3386 | D:3      | Reached XP level 5. HP: 29/29 MP: 11/15
  3405 | D:3      | Noticed Grinder
  3536 | D:3      | Paralysed by Grinder for 4 turns
  3571 | D:3      | Paralysed by Grinder for 4 turns
  3573 | D:3      | Killed Grinder
  3574 | D:3      | Reached skill level 1 in Necromancy
  3574 | D:3      | Reached skill level 1 in Air Magic
  3574 | D:3      | Reached skill level 1 in Alchemy
  3574 | D:3      | Reached skill level 1 in Evocations
  3574 | D:3      | Reached XP level 6. HP: 12/34 MP: 7/17
  4146 | D:4      | Noticed Robin
  4189 | D:3      | Killed Robin
  4212 | D:4      | Reached skill level 7 in Spellcasting
  4589 | D:4      | Noticed Blork the orc
  4595 | D:4      | Killed Blork the orc
  4596 | D:4      | Reached XP level 7. HP: 38/38 MP: 17/20
  4774 | D:4      | Found a transporter.
  4775 | D:4      | Noticed ShinQuickMan's ghost (amateur HuCj)
  5053 | D:4      | Found a transporter.
  5276 | D:4      | Found a glowing golden altar of the Shining One.
  5367 | D:4      | Noticed Eustachio
  5386 | D:4      | Killed Eustachio
  5387 | D:4      | Reached skill level 8 in Spellcasting
  5462 | D:5      | Entered Level 5 of the Dungeon
  5473 | D:5      | Found Arid's Weapon Shop.
  5552 | D:5      | Found a staircase to the Ecumenical Temple.
  5561 | Temple   | Entered the Ecumenical Temple
  5661 | D:5      | Identified the +0 robe "Jarout" {Str+5 Archmagi}
  6286 | D:6      | Found Hiowien's Weapon Shoppe.
  6341 | D:6      | Reached XP level 8. HP: 21/44 MP: 22/22
  6477 | D:6      | Reached skill level 9 in Spellcasting
  6834 | D:6      | Learned a level 4 spell: Dispel Undead
  7099 | D:6      | Learned a level 4 spell: Ignite Poison
  7205 | D:7      | Reached skill level 5 in Conjurations
  7301 | D:7      | Reached skill level 1 in Fire Magic
  7343 | D:7      | Reached skill level 10 in Spellcasting
  7496 | D:7      | Noticed Pikel
  7503 | D:7      | Killed Pikel
  7504 | D:7      | Reached XP level 9. HP: 35/48 MP: 22/25
  7509 | D:7      | Reached skill level 11 in Spellcasting
  7719 | D:7      | Found Bawiogan's Antique Weapon Emporium.
  7910 | D:7      | Found a burning altar of Makhleb.
  8169 | D:8      | You fall into a shaft and drop 1 floor!
  8169 | D:9      | Found a glowing silver altar of Zin.
  8169 | D:9      | Found a radiant altar of Vehumet.
  8177 | D:9      | Became a worshipper of Vehumet
  8186 | D:10     | Entered Level 10 of the Dungeon
  8186 | D:10     | Noticed a two-headed ogre
  8205 | D:9      | HP: 3/73 [poisoned by a kobold brigand]
  8205 | D:9      | Slain by a wyvern

Illustrated notes

Levels and vault maps discovered:
D:1:      eino_arrival_druids_welcome, layout_basic,
          chequers_serial_rivers_micro_b, minmay_unequal
D:2:      layout_basic, minmay_split_cup_large
D:3:      layout_loops_ring, nicolae_uskayaw_dance_hall, nicolae_hexahallways,
          uniq_grinder
D:4:      layout_gridville, nicolae_tso_besieged_by_evil,
          gammafunk_ghost_mausoleum, amethyst_killhole,
          eino_small_chamber_without_monster, uniq_eustachio, uniq_robin,
          uniq_blork_the_orc
D:5:      layout_basic, minmay_temple_entry_statues_fountains, serial_shops,
          nicolae_shop_stone
D:6:      layout_basic, serial_shops, nicolae_shop_scrapyard,
          nrook_pool_corridor, ldierk_geyser
D:7:      minmay_angry_zag, layout_basic, mainiacjoe_overflow_alcove_1,
          serial_shops, shop, uniq_pikel
D:8:      layout_loops_ring, mainiacjoe_overflow_chevrons,
          nicolae_hepliaklqana_monster_ancestors, mainiacjoe_overflow_swirl,
          ebering_ghost_disaster_area, enter_bailey_3
D:9:      layout_big_octagon, nicolae_overflow_hidden_temple, st_stairs_9
D:10:     layout_rooms, nicolae_ru_awakened_eye
Temple:   nicolae_temple_bog_church

Skill      XL: |  1  2  3  4  5  6  7  8  9 |
---------------+----------------------------+-----
Spellcasting   | 5 6 7 8 10 11 | 11.8
Armour         | 1 3 |  3.1
Fighting       | 1 2 |  2.9
Conjurations   | 2 3 4 5 6 |  6.5
Stealth        | 3 |  3.0
Dodging        | 3 |  3.1
Necromancy     | 1 2 3 4 |  4.0
Air Magic      | 1 2 |  2.1
Alchemy        | 1 |  1.2
Evocations     | 1 2 |  2.1
Fire Magic     | 2 4 |  4.0
Summonings     | |  1.1
Translocations | |  1.1

Action                     |  1- 3 |  4- 6 |  7- 9 || total
---------------------------+-------+-------+-------++-------
  Melee: Dagger            |     8 |    52 |   134 ||   194
   Cast: Magic Dart        |   122 |    72 |   146 ||   340
         Mephitic Cloud    |     1 |     6 |    27 ||    34
         Call Imp          |     1 |     2 |       ||     3
         Blink             |       |     1 |     1 ||     2
         Ignite Poison     |       |       |     4 ||     4
    Use: Potion            |       |       |     1 ||     1
   Stab: Confused          |     1 |     6 |    19 ||    26
         Sleeping          |       |     1 |       ||     1
 Armour: Robe              |    13 |    34 |    91 ||   138
         Skin              |       |       |     1 ||     1
  Dodge: Dodged            |    12 |    38 |    87 ||   137

Table legend: (Time is in decaauts)
 A = Elapsed time spent in this place.
 B = Non-inter-level travel time spent in this place.
 C = Inter-level travel time spent in this place.
 D = Time resting spent in this place.
 E = Time spent auto-exploring this place.
 F = Levels seen in this place.
 G = Mean time per level.
                   A        B        C        D        E       F      G
               +--------+--------+--------+--------+--------+-----+--------+
         Total |   8203 |   8051 |    152 |    179 |   6671 |  11 |  745.7 |
       Dungeon |   8202 |   8050 |    152 |    179 |   6671 |  10 |  820.2 |
        Temple |      1 |      1 |      0 |      0 |      0 |   1 |    1.0 |
               +--------+--------+--------+--------+--------+-----+--------+

Top non-repeatable levels by time:
     D:1: 1525 daAuts
     D:2: 1347 daAuts
     D:4: 1331 daAuts
     D:3: 1257 daAuts
     D:6: 935 daAuts
     D:7: 900 daAuts
     D:5: 792 daAuts
     D:8: 76 daAuts
     D:9: 26 daAuts
    D:10: 8 daAuts
  Temple: 1 daAuts
